 Dungeon Crawl Stone Soup version 0.29.1-15-g9cfb28693d (webtiles) character file.

Game seed: 9901152259257660671

7230 LLlMATKO the Cleaver (level 10, -7/139 HPs)
             Began as a Minotaur Berserker on Apr 23, 2023.
             Was a Priest of Trog.
             Mangled by a 12-headed hydra (13 damage)
             ... on level 10 of the Dungeon.
             The game lasted 00:11:01 (9777 turns).

LLlMATKO the Cleaver (Minotaur Berserker)           Turns: 9777, Time: 00:11:02

Health: -7/139     AC: 15    Str: 25    XL:     10   Next: 88%
Magic:  0/9        EV:  9    Int:  4    God:    Trog [***...]
Gold:   486        SH:  6    Dex: 11    Spells: 9/9 levels left

rFire   . . .      SeeInvis .   F - +0 war axe
rCold   . . .      Faith    .   q - +0 buckler
rNeg    . . .      Spirit   +   v - +0 plate armour
rPois   .          Reflect  .   (helmet restricted)
rElec   .          Harm     .   H - +0 cloak
rCorr   .          Rampage  .   (no gloves)
Will    +....                   (no boots)
Stlth   ..........              D - amulet of guardian spirit
HPRegen 0.33/turn               u - ring of willpower
MPRegen 0.11/turn               (no ring)

@: berserking, very quick
A: horns 2, retaliatory headbutt
a: Renounce Religion, Berserk, Trog's Hand


You were on level 10 of the Dungeon.
You worshipped Trog.
Trog was most pleased with you.
You visited 1 branch of the dungeon, and saw 10 of its levels.

You collected 531 gold pieces.
You spent 45 gold pieces at shops.

Inventory:

Hand Weapons
 F - a +0 war axe (weapon)
 K - a +0 vorpal halberd
Missiles
 k - 25 poisoned darts (quivered)
 m - 6 javelins
 C - 8 curare-tipped darts
 L - 8 boomerangs
Armour
 q - a +0 buckler (worn)
 v - a +0 plate armour (worn)
 H - a +0 cloak (worn)
 Q - a +1 scale mail of fire resistance
Jewellery
 u - a ring of willpower (left hand)
 D - an amulet of guardian spirit (around neck)
 P - a ring of ice
Wands
 w - a wand of flame (11)
 I - a wand of mindburst (9)
Scrolls
 a - 2 scrolls of magic mapping {unknown}
 b - a scroll of poison {unknown}
 d - 4 scrolls of blinking {unknown}
 g - 2 scrolls of fear {unknown}
 i - a scroll of amnesia {unknown}
 j - 3 scrolls of enchant weapon {unknown}
 p - 2 scrolls of enchant armour {unknown}
 s - a scroll of torment {unknown}
 t - 8 scrolls of identify {unknown}
 y - 5 scrolls of noise {unknown}
 B - 4 scrolls of vulnerability {unknown}
 G - a scroll of teleportation {unknown}
 J - a scroll of immolation {unknown}
 R - a scroll of summoning {unknown}
Potions
 c - 2 potions of berserk rage
 f - 3 potions of degeneration {unknown}
 h - a potion of invisibility {unknown}
 l - 3 potions of might {unknown}
 n - 2 potions of flight {unknown}
 o - 5 potions of mutation {unknown}
 r - a potion of haste {unknown}
 x - 4 potions of lignification {unknown}
 z - 3 potions of curing {unknown}
 A - a potion of cancellation {unknown}
 E - 2 potions of attraction {unknown}
 M - a potion of resistance {unknown}
 N - 2 potions of ambrosia {unknown}
 O - a potion of magic {unknown}


   Skills:
 + Level 9.8 Fighting
 + Level 9.8 Axes
 + Level 9.4 Armour
 + Level 8.6 Dodging
 + Level 8.8 Shields


You had 9 spell levels left.
You didn't know any spells.
Your spell library was empty.

Dungeon Overview and Level Annotations

Branches:
Dungeon (10/15)            Temple (0/1) D:7
   Lair: D:8-11         Orc: D:9-12

Altars:
Cheibriados
Gozag
Vehumet
Zin

Shops:
D:1 ?*(*   D:2 (([[   D:5 :   D:8 *   D:10 *


Innate Abilities, Weirdness & Mutations

You have a pair of horns on your head.
You reflexively headbutt those who attack you in melee.


Message History

Your headbutt misses the ten-headed hydra.
The ten-headed hydra is severely wounded.
The ten-headed hydra barely misses you. You furiously retaliate!
You headbutt the ten-headed hydra!!
The ten-headed hydra closely misses you.
The ten-headed hydra bites you.
* * * LOW HITPOINT WARNING * * *
The ten-headed hydra completely misses you.
The ten-headed hydra bites you.
* * * LOW HITPOINT WARNING * * *
The ten-headed hydra bites you!
* * * LOW HITPOINT WARNING * * *
The ten-headed hydra bites you but does no damage.
The ten-headed hydra bites you!
* * * LOW HITPOINT WARNING * * *
You block the ten-headed hydra's attack. x2
You barely miss the ten-headed hydra.
Your headbutt misses the ten-headed hydra.
The ten-headed hydra is almost dead.
The ten-headed hydra bites you.
* * * LOW HITPOINT WARNING * * *
You block the ten-headed hydra's attack.
The ten-headed hydra bites you but does no damage.
You block the ten-headed hydra's attack.
The ten-headed hydra bites you but does no damage.
You block the ten-headed hydra's attack.
The ten-headed hydra closely misses you.
The ten-headed hydra bites you but does no damage. x3
You lop one of the ten-headed hydra's heads off!
The nine-headed hydra grows two more!
You hit the 11-headed hydra.
The 11-headed hydra is almost dead.
You slice one of the 11-headed hydra's heads off!
The ten-headed hydra grows two more!
You slice the 12-headed hydra!!
The 12-headed hydra is almost dead.
The 12-headed hydra bites you.
* * * LOW HITPOINT WARNING * * *
The 12-headed hydra barely misses you.
The 12-headed hydra bites you but does no damage.
The 12-headed hydra bites you!
You die...

........## .. ..####
...#...........
..###.#..##....#..........
...............+..........
...............###+##.....
.........[..........#.....
. ..............#...#....#
...##...#D......#...#....#
.......<#@..........#....#
..........................
....#.######.............#
...... ###........## . #..
#.....∩.._⌠ ....
#.#......## .... #
#.#.....# # .......
#.#...... # .... # #..#...


You could see a 12-headed hydra.

Vanquished Creatures
  Harold (D:9)
  Erolcha (D:9)
  Joseph (D:8)
  2 gargoyles (D:10)
  A troll (D:10)
  Grinder (D:3)
  Sigmund (D:3)
  A shadow (D:10)
  6 yaks (D:9)
  Grum (D:9)
  2 steam dragons (D:8)
  An acid dragon (D:10)
  Menkaure (D:7)
  2 orc warriors
  3 ice beasts (D:6)
  4 centaurs
  An ogre (D:6)
  3 wolves (D:9)
  3 kobold brigands
  4 bullfrogs
  2 necrophages
  3 scorpions
  4 wights (D:9)
  2 electric eels (D:8)
  A lava snake (D:10)
  5 orc priests
  4 hounds
  2 jellies
  Crazy Yiuf (D:5)
  2 orc wizards
  Terence (D:3)
  2 iguanas
  5 gnolls
  4 adders
  A shadow imp (D:6)
  3 ufetubi
  23 orcs
  4 bats
  10 endoplasms
  2 giant cockroaches
  6 goblins
  3 hobgoblins
  4 quokkas
  8 ball pythons
  A frilled lizard (D:1)
  18 kobolds
  4 rats
165 creatures vanquished.

Notes
Turn   | Place    | Note
-------+----------+-------------------------------------------
     0 | D:1      | LLlMATKO the Minotaur Berserker began the quest for the
                  | Orb.
     0 | D:1      | Reached XP level 1. HP: 19/19 MP: 0/0
   104 | D:1      | Reached XP level 2. HP: 19/27 MP: 1/1
   363 | D:1      | Found Nieqew's General Store.
   367 | D:1      | Found Virruep's General Store.
   518 | D:1      | Found Zaafehol's Weapon Shop.
   706 | D:1      | Found Mureirra's Magic Scroll Shop.
   964 | D:1      | You fall into a shaft and drop 1 floor!
   969 | D:2      | Reached XP level 3. HP: 33/33 MP: 2/2
  1065 | D:2      | Found Luahosed's Antique Weapon Boutique.
  1114 | D:2      | Found Axos's Armour Shop.
  1126 | D:2      | Reached ** piety under Trog
  1195 | D:2      | Found Rosyt's Antique Armour Shop.
  1505 | D:2      | Found Ulef's Weapon Shop.
  1571 | D:2      | Bought a +0 buckler for 45 gold pieces
  2188 | D:2      | Identified the +1 rapier of Tumult {freeze, rPois}
  2343 | D:3      | Reached XP level 4. HP: 37/40 MP: 3/3
  2413 | D:3      | Reached skill level 1 in Shields
  2616 | D:3      | Found a radiant altar of Vehumet.
  2616 | D:3      | Found a snail-covered altar of Cheibriados.
  2630 | D:3      | Noticed Terence
  2637 | D:3      | Killed Terence
  2666 | D:3      | Noticed Sigmund
  2680 | D:3      | Killed Sigmund
  2681 | D:3      | Reached XP level 5. HP: 47/47 MP: 4/4
  2744 | D:3      | Noticed Grinder
  2758 | D:3      | Killed Grinder
  2759 | D:3      | Reached skill level 5 in Fighting
  2759 | D:3      | Reached skill level 5 in Axes
  2759 | D:3      | Reached XP level 6. HP: 56/56 MP: 5/5
  3160 | D:4      | Reached XP level 7. HP: 54/61 MP: 6/6
  3692 | D:5      | Entered Level 5 of the Dungeon
  3718 | D:5      | Reached skill level 5 in Armour
  3891 | D:5      | Reached skill level 5 in Dodging
  3968 | D:5      | Reached *** piety under Trog
  3969 | D:5      | Reached XP level 8. HP: 70/70 MP: 7/7
  4040 | D:5      | Found Afued's Book Shoppe.
  4167 | D:5      | Found a runed translucent door.
  4168 | D:5      | Noticed Crazy Yiuf
  4173 | D:5      | Killed Crazy Yiuf
  4177 | D:5      | Identified the +6 hammer of Evolution {vorpal, *Rage Fly
                  | rF+}
  4600 | D:6      | Reached skill level 5 in Shields
  5499 | D:7      | Noticed Menkaure
  5507 | D:7      | Killed Menkaure
  5508 | D:7      | Reached XP level 9. HP: 79/79 MP: 6/8
  5533 | D:7      | Found a staircase to the Ecumenical Temple.
  6530 | D:8      | Noticed Joseph
  6541 | D:8      | Killed Joseph
  7463 | D:8      | Found Gozag's Platinum Reserve.
  7772 | D:8      | Found an opulent altar of Gozag.
  7938 | D:9      | Noticed Harold
  7950 | D:9      | Killed Harold
  7951 | D:9      | Reached XP level 10. HP: 90/90 MP: 6/9
  8347 | D:9      | Noticed Erolcha
  8369 | D:9      | Killed Erolcha
  8746 | D:9      | Noticed Grum
  8760 | D:9      | Killed Grum
  9177 | D:10     | Entered Level 10 of the Dungeon
  9230 | D:10     | Found Zin's Purification Station.
  9235 | D:10     | Found a glowing silver altar of Zin.
  9274 | D:10     | Noticed a gargoyle
  9295 | D:10     | Killed a gargoyle
  9686 | D:10     | Noticed a gargoyle
  9692 | D:10     | Killed a gargoyle
  9765 | D:10     | Noticed a five-headed hydra
  9777 | D:10     | HP: 6/139 [12-headed hydra (3)]
  9777 | D:10     | Mangled by a 12-headed hydra

Illustrated notes

Levels and vault maps discovered:
D:1:      dpeg_arrival_prison, layout_loops_cross, serial_shops,
          nicolae_shop_waterfront, nicolae_shop_hallway_stairs, shop,
          nicolae_shop_statue_plus, minmay_tetromino_o2
D:2:      layout_basic, serial_shops, nicolae_shop_hallway_plus, shop,
          shop_statue, nicolae_shop_bloodbath_and_beyond
D:3:      layout_rooms, mainiacjoe_overflow_divided_tiny, uniq_sigmund,
          uniq_grinder, uniq_terence
D:4:      nicolae_cairo_tiling_large_dashed, layout_basic, chequers_jeans,
          serial_bayou_pond_e, st_stairs_8
D:5:      layout_loops_ring, serial_shops, shop, uniq_crazy_yiuf_cottage
D:6:      layout_cave_pools
D:7:      layout_rooms, minmay_temple_entry_hall, uniq_menkaure
D:8:      layout_basic, nicolae_gozag_zags_fifth_avenue, uniq_joseph
D:9:      layout_roguey, eino_small_chamber_without_monster, minmay_liquid_box,
          minmay_misc_feat_plants, uniq_erolcha, uniq_harold, uniq_grum
D:10:     layout_basic, zin_purify, gammafunk_ghost_nasty_kobolds,
          grunt_ministairs_9, serial_bayou_pond_e, kennysheep_doodads

Skill      XL: |  1  2  3  4  5  6  7  8  9 10 |
---------------+-------------------------------+-----
Fighting       | 4 5 6 7 8 9 |  9.8
Axes           | 4 5 6 7 8 9 |  9.8
Armour         | 3 4 5 6 8 9 |  9.4
Dodging        | 3 4 5 6 7 8 |  8.6
Shields        | 2 3 4 5 7 8 |  8.8

Action                   |  1- 3 |  4- 6 |  7- 9 | 10-12 || total
-------------------------+-------+-------+-------+-------++-------
Melee: Hand axe          |    78 |    57 |    45 |       ||   180
       Headbutt          |     8 |     4 |    46 |    21 ||    79
       War axe           |       |       |   185 |    91 ||   276
Throw: Dart              |       |       |       |     1 ||     1
       Stone             |       |       |       |     1 ||     1
Invok: Berserk           |       |     2 |    10 |     8 ||    20
Armor: Animal skin       |     3 |       |       |       ||     3
       Scale mail        |     8 |     7 |       |       ||    15
       Plate armour      |       |    31 |   138 |    54 ||   223
Dodge: Dodged            |    59 |    33 |    81 |    55 ||   228
Block: Buckler           |       |    14 |    58 |    30 ||   102
